Map: Golden Wall LE

Players

meeK - Winner!

  • Race: Protoss Protoss
  • League: Diamond
  • Spawn Location: 7:00

Vermillion

  • Race: Terran Terran
  • League: Diamond
  • Spawn Location: 5:00

VOD

Have the link to the VOD?

Description

Time

  • Played on: April 26, 2020, 3:41 p.m.
  • Length: 2:26
Show
View Real Time Build Order
Export as new Build Order

meeK Protoss - Winner!

Build Orders: Cannon Rush 

Get SALT Encoding   

  12  0:00  Probe  
  13  0:13  Probe (Chrono Boost)  
  14  0:17  Pylon  
  14  0:25  Probe (Chrono Boost)  
  15  0:34  Probe (Chrono Boost)  
  16  0:38  Forge  
  16  1:02  Pylon x2  
  16  1:04  Pylon  
  16  1:21  Photon Cannon  
  16  1:34  Photon Cannon  
  16  1:45  Photon Cannon  
  16  1:46  Pylon  
  16  2:04  Pylon  
  16  2:05  Photon Cannon  
  16  2:16  Photon Cannon  
Show
View Real Time Build Order
Export as new Build Order

Vermillion Terran 

Build Orders:  

Get SALT Encoding   

  12  0:00  SCV  
  13  0:13  SCV  
  14  0:19  Supply Depot  
  14  0:25  SCV  
  15  0:29  Refinery  
  15  0:41  SCV  
  16  0:49  Barracks  
  16  0:53  SCV  
  17  1:02  Refinery  
  17  1:14  SCV  
  18  1:26  SCV  
  19  1:36  Reaper  
  19  1:56  Bunker  
Tags
 
Add a new tag
Caveats
  • Supply blocks, unpowered buildings, or Contaminate may cause inaccurate times.
  • Supply counts are checked every 10 seconds.